 Dungeon Crawl Stone Soup version 0.20-a0-433-g9e36e56 (webtiles) character file.

46 Faca the Shield-Bearer (level 3, -1/30 HPs)
             Began as a Formicid Fighter on Jan 3, 2017.
             Slain by an adder (3 damage)
             ... on level 2 of the Dungeon.
             The game lasted 00:01:34 (743 turns).

Faca the Shield-Bearer (Formicid Fighter)            Turns: 743, Time: 00:01:35

Health: -1/30      AC:  7    Str: 20    XL:     3   Next: 95%
Magic:  3/3        EV:  8    Int:  7    God:
Gold:   127        SH:  9    Dex: 11    Spells: 2/2 levels left

rFire  . . .     SeeInvis +     a - +0 long sword
rCold  . . .     Gourm    .     b - +0 scale mail
rNeg   . . .     Faith    .     c - +0 shield
rPois  .         Spirit   .     (helmet unavailable)
rElec  .         Reflect  .     (no cloak)
rCorr  .         Harm     .     (no gloves)
MR     .....                    (no boots)
Stlth  ..........               (no amulet)
                                (no ring)
                                (no ring)

@: no status effects
A: permanent stasis, dig shafts and tunnels, four strong arms, antennae 3
a: Dig, Shaft Self


You were on level 2 of the Dungeon.
You were not hungry.

You visited 1 branch of the dungeon, and saw 2 of its levels.

You collected 127 gold pieces.

Inventory:

Hand Weapons
 a - a +0 long sword (weapon)
Armour
 b - a +0 scale mail (worn)
 c - a +0 shield (worn)
Scrolls
 e - a scroll of teleportation {unknown}
 g - a scroll of random uselessness {unknown}
Potions
 d - a potion of might
Comestibles
 f - a bread ration


   Skills:
 + Level 3.7 Fighting
 + Level 2.5 Long Blades
 + Level 3.8 Armour
 + Level 4.2 Shields


You had 2 spell levels left.
You didn't know any spells.

Dungeon Overview and Level Annotations

Branches:
Dungeon (2/15)

Altars:


Innate Abilities, Weirdness & Mutations

You cannot be hasted, slowed, berserked, paralysed or teleported.
You can dig through walls and to a lower floor.
Your four strong arms can wield two-handed weapons with a shield.
You have a pair of large antennae on your head. (SInv)


Message History

Unknown command.
You closely miss the adder. The adder bites you but does no damage.
The rat bites you but does no damage. You block the adder's attack.
Okay, then.
You miss the adder. You block the rat's attack. You block the adder's attack.
You miss the adder. You block the adder's attack. The rat barely misses you.
The adder barely misses you. The rat closely misses you.
You barely miss the adder.
You feel sick. The adder barely misses you. The rat closely misses you.
You riposte.
You hit the rat.
The rat is moderately wounded.
You block the adder's attack.
You closely miss the adder. The adder barely misses you.
The rat bites you but does no damage.
You closely miss the adder. The adder bites you but does no damage.
You block the rat's attack. The adder bites you but does no damage.
The rat bites you but does no damage.
You closely miss the adder.
You feel sick.
You are no longer poisoned.
The adder bites you.
You die...

##.?.......#........##
#.................###
#......†..........##
#.%.......>........##
#..>..).............#
#......†.!..†..†.....#
##........#...........#
##......##.........#.#
######.##..@r.^...#.#
#.##..†S........
#.##.........#.#
#.##....<)...#.#
#.##.........#
..........#
...........#
..##.......##


You could see an adder and a rat.

Vanquished Creatures
  An adder (D:2)
  An ooze (D:2)
  2 worms (D:2)
  3 bats (D:2)
  6 goblins
  3 hobgoblins
  A quokka (D:2)
  A ball python (D:2)
  A frilled lizard (D:1)
  4 kobolds
  7 rats
30 creatures vanquished.

Notes
Turn   | Place    | Note
-------+----------+-------------------------------------------
     0 | D:1      | Faca the Formicid Fighter began the quest for the Orb.
     0 | D:1      | Reached XP level 1. HP: 18/18 MP: 1/1
   157 | D:1      | Reached XP level 2. HP: 24/24 MP: 2/2
   665 | D:2      | Reached XP level 3. HP: 29/29 MP: 3/3
   696 | D:2      | Reached skill level 4 in Shields
   743 | D:2      | Slain by an adder

Vault maps used:
D:1:      dpeg_arrival_long_road, minmay_misc_feat_columns
D:2:      first_bread, corexii_item_surrounded_by_moat,
          kennysheep_generic_room_14

Skill      XL: |  1  2  3 |
---------------+----------+-----
Shields        | 4 |  4.2
Fighting       | |  3.7
Long Blades    | |  2.5
Armour         | |  3.8

Action                   || total
-------------------------++-------
Melee: Long sword        ||    77
Armor: Scale mail        ||    51
Dodge: Dodged            ||    33
Block: Shield            ||    48
       Rpst.: Long sword ||    10
